cohdb
Replays
Latest Replays
All Replays
Popular Replays
Top Player Replays
Match Explorer
How It Works
Community
CoH3 Stats
Reddit
Sign in to upload your games and track your stats! →
Sign in with Steam
Match 44522578
Unlisted
Match 44522578
Overview
Messages
Build Orders
End
Selects Luftwaffe Battlegroup
Selects Luftwaffe Pioneer Support
Fallschirmpioneer Squad Paradrop
Construct Infanterie Kompanie
MG 42 Machine Gun Team
GrW 34 Mortar Team
GrW 34 Mortar Team
Construct Panzergrenadier Kompanie
Fallschirmpioneer Squad Paradrop
Selects Reconnaissance Run
Selects Fallschirmjäger Squad Paradrop
Fallschirmpioneer Squad Paradrop
MG 42 Bunker
Construct Panzer Kompanie
AI Takeover
MeTaLBLaDE
Reggie
袁奇
GodEr
Serial Chiller
SeriousGeezer
No:17
cfsun0419
0
0
Comments
sign in to comment!
No comments posted yet!